 Dungeon Crawl Stone Soup version 0.31-a0-626-g8143ab4f1d (webtiles) character file.

Game seed: 15542094536926159997

63231 Dirtsage the Mimic (level 15, -1/101 HPs)
             Began as an Octopode Shapeshifter on Aug 24, 2023.
             Was an Initiate of Gozag.
             Slain by an orc warrior
             ... wielding a +0 long sword
              (18 damage)
             ... on level 1 of the Orcish Mines.
             The game lasted 01:14:17 (22215 turns).

Dirtsage the Mimic (Octopode Shapeshifter)         Turns: 22215, Time: 01:14:18

Health: -1/101     AC: 12    Str: 21    XL:     15   Next: 9%
Magic:  31/34      EV: 16    Int: 26    God:    Gozag
Gold:   2708       SH:  0    Dex: 12    Spells: 8/26 levels left

rFire   + +          .
                       - Unarmed
rCold   + + .        (shield currently unavailable)
rNeg    + + .        L - +3 hat of Pondering {ponderous, Will+ MP+10 Int+5}
rPois   +            K - amulet of Laca {rN++ Will+ Regen+}
rElec   +            W - ring of wizardry
rCorr   +            I - ring of protection from cold
SInv    +            p - +4 ring of protection
Will    +++..        R - +4 ring of protection
Stlth   +            S - ring of see invisible
HPRegen 1.16/turn    O - ring of Hard Scrabble {rPois rF+ Str+3}
MPRegen 0.24/turn    Q - ring of wizardry
                     H - +6 ring of intelligence

%: wizardry (x2)
@: brilliant, lethally poisoned (-1 -> -4), flux-form, resistant, wereblooded,
gold aura, glowing, invisible (but backlit and visible), slow
A: glow, contaminating, almost no armour, amphibious, 8 rings, camouflage 1,
gelatinous body 1, (nimble swimmer 1), tentacles
a: Begin Untransformation, Renounce Religion, Potion Petition, Call Merchant,
Bribe Branch


You were on level 1 of the Orcish Mines.
You worshipped Gozag.
Gozag was most pleased with you.
You were something dangerously unstable.
You visited 4 branches of the dungeon, and saw 20 of its levels.
You also visited: Trove and Ossuary.

You collected 5793 gold pieces.
You spent 1836 gold pieces at shops.
You paid 1249 gold pieces to Gozag.

Inventory:

Armour
 L - the +3 hat of Pondering (worn) {ponderous, Will+ MP+10 Int+5}
   (You took it off Gastronok on level 3 of the Lair of Beasts)

   Int+5:     It affects your intelligence (+5).
   Will+:     It increases your willpower.
   MP+10:     It affects your magic capacity (+10).
Jewellery
 p - a +4 ring of protection (on tentacle)
 G - the amulet of Free Expression {Reflect Dex+3 SH+5}
   (You found it in a treasure trove)

   [amulet of reflection]

   Reflect:   It reflects blocked missile attacks.
   Dex+3:     It affects your dexterity (+3).
   SH+5:      It affects your SH (+5).
 H - a +6 ring of intelligence (on tentacle)
 I - a ring of protection from cold (right tentacle)
 K - the amulet of Laca (around mantle) {rN++ Will+ Regen+}
   (You found it in a treasure trove)

   [amulet of regeneration]

   rN++:      It greatly protects you from negative energy.
   Will+:     It increases your willpower.
   Regen+:    It increases your rate of health regeneration.
 N - a ring of positive energy
 O - the ring of Hard Scrabble (on tentacle) {rPois rF+ Str+3}
   (You bought it in a shop on level 1 of the Lair of Beasts)

   [ring of poison resistance]

   Str+3:     It affects your strength (+3).
   rF+:       It protects you from fire.
   rPois:     It protects you from poison
 Q - a ring of wizardry (on tentacle)
 R - a +4 ring of protection (on tentacle)
 S - a ring of see invisible (on tentacle)
 T - the amulet "Hidghiy" {Spirit Dex+3}
   (You found it in a treasure trove)

   [amulet of guardian spirit]

   Spirit:    It causes incoming damage to be divided between your reserves of
   health and magic.
   Dex+3:     It affects your dexterity (+3).
 W - a ring of wizardry (left tentacle)
Talismans
 b - a beast talisman
 c - a flux talisman (active)
Wands
 n - a wand of polymorph (14)
 r - a wand of paralysis (7)
 x - a wand of iceblast (5)
 y - a wand of quicksilver (2)
 D - a wand of digging (6)
 F - a wand of mindburst (6)
 X - a wand of flame (9)
Scrolls
 e - 2 scrolls of enchant weapon
 f - 2 scrolls of fog {unknown}
 i - a scroll of identify
 j - 5 scrolls of summoning
 k - a scroll of revelation
 o - 7 scrolls of vulnerability
 t - 13 scrolls of teleportation
 v - a scroll of fear {unknown}
 w - 4 scrolls of enchant armour
 A - 2 scrolls of amnesia
 C - a scroll of silence {unknown}
 J - a scroll of poison
Potions
 a - a potion of ambrosia
 d - 3 potions of might
 g - 2 potions of invisibility
 h - 8 potions of haste
 l - 3 potions of heal wounds
 m - 3 potions of enlightenment
 q - 5 potions of curing
 s - 4 potions of brilliance
 u - 4 potions of attraction
 z - a potion of lignification
 E - 6 potions of mutation
 M - 2 potions of magic
 P - a potion of resistance {unknown}
 V - a potion of cancellation {unknown}
Miscellaneous
 U - a sack of spiders


   Skills:
 - Level 9.0 Fighting
 - Level 8.4 Dodging
 - Level 11.0 Unarmed Combat
 + Level 6.2 Spellcasting
 + Level 6.1 Conjurations
 - Level 4.3 Translocations
 - Level 4.0 Transmutations
 - Level 6.6 Ice Magic
 - Level 5.4 Air Magic
 + Level 4.4 Earth Magic
 - Level 14.3 Shapeshifting


You had 8 spell levels left.
You knew the following spells:

 Your Spells              Type           Power      Damage    Failure   Level
a - Lesser Beckoning      Tloc           92%        N/A       1%          2
b - Wereblood             Tmut           43%        N/A       1%          2
c - Freezing Cloud        Conj/Ice/Air   28%        6-21      4%          5
d - Leda's Unmaking       Conj/Erth      26%        9d5       28%         6
A - Ozocubu's Armour      Ice            59%        N/A       1%          3

Your spell library contained the following spells:

 Spells                   Type           Power      Damage    Failure   Level
 Slow                     Hex            48%        N/A       1%          1
 Cigotuvi's Dreadful Rot  Necr/Pois/Air  52%        N/A       1%          2
 Ensorcelled Hibernation  Hex/Ice        74%        N/A       1%          2
 Passwall                 Tmut/Erth      37%        N/A       1%          2
 Static Discharge         Conj/Air       100%       2-7/arc   1%          2
 Gell's Gravitas          Tloc           46%        N/A       1%          3
 Swiftness                Air            53%        N/A       1%          3
 Teleport Other           Tloc           46%        N/A       1%          3
 Portal Projectile        Hex/Tloc       58%        N/A       2%          3
 Airstrike                Air            26%        2d(4-20)  2%          4
 Ignite Poison            Fire/Tmut/Pois 22%        N/A       3%          3
 Summon Ice Beast         Ice/Summ       37%        N/A       4%          4
 Call Canine Familiar     Summ           12%        N/A       5%          3
 Confusing Touch          Hex            12%        N/A       5%          3
 Inner Flame              Hex/Fire       12%        N/A       5%          3
 Vampiric Draining        Necr           12%        2d6       5%          3
 Summon Lightning Spire   Summ/Air       33%        N/A       6%          4
 Leda's Liquefaction      Hex/Erth       14%        N/A       7%          4
 Irradiate                Conj/Tmut      25%        3d20      7%          5
 Lee's Rapid Deconstruct  Erth           23%        3d13*     9%          5
 Metabolic Englaciation   Hex/Ice        18%        N/A       13%         5
 Anguish                  Hex/Necr       6%         N/A       17%         4
 Cause Fear               Hex            6%         N/A       17%         4
 Yara's Violent Unravell  Hex/Tmut       13%        3d7       21%         5
 Summon Mana Viper        Hex/Summ       12%        N/A       41%         5
 Enfeeble                 Hex            6%         N/A       100%        7
 Monstrous Menagerie      Summ           6%         N/A       100%        7
 Simulacrum               Ice/Necr       Unusable   N/A       N/A         6

Dungeon Overview and Level Annotations

Branches:
Dungeon (12/15)            Temple (1/1) D:7            Lair (5/5) D:8
 Shoals (0/4) Lair:2       Spider (0/4) Lair:3        Slime (0/5) Lair:4
    Orc (2/2) D:9             Elf (0/3) Orc:2       Ossuary (visited)

Altars:
Ashenzari
Cheibriados
Dithmenos
Elyvilon
Fedhas
Gozag
Hepliaklqana
Kikubaaqudgha
Makhleb
Nemelex Xobeh
Okawaru
Qazlal
Ru
Sif Muna
Trog
Uskayaw
Vehumet
Wu Jian
Xom
Yredelemnul
Zin
The Shining One
Jiyva
Lugonu

Shops:
D:1 :   D:5 *   D:9 (   D:10 !![**   Orc:2 [   Lair:1 =

Portals:
Abyss: Lair:5

Annotations:
D:7 3 runed translucent doors, Reshi88's ghost, novice SpHu
Lair:4 3 runed translucent doors, Mappomat's ghost, journeyman FeSh


Innate Abilities, Weirdness & Mutations

You are something dangerously unstable.
You glow with magical radiation, making you easy to see and hit.
Foes you strike become dangerously contaminated with magical radiation.
You are incapable of wielding weapons or throwing items.
You cannot wear most types of armour.
You are amphibious.
You can wear up to eight rings at the same time.
Your skin changes colour to match your surroundings (Stealth+).
Your rubbery body absorbs attacks. (AC +1, EV +1)
((You are camouflaged when in or above water. (Stealth+)))
You have tentacles for arms and can constrict up to eight enemies at once.


Message History

The warg bites you.
The orc warrior unwields a +0 orcbow.
The orc warrior wields a +0 mace.
The orc warrior barely misses you.
The orc shouts!
You take 29 damage, and have 32/101 hp.
MASSIVE DAMAGE!!
You tentacle-slap the orc warlord but do no damage.
The orc warlord glows dangerously bright.
The orc warlord is heavily wounded.
You howl as the wereblood boils in your veins!
You constrict the orc warlord.
You feel very sick. The warg misses you.
The orc priest looks encouraged for a moment.
The orc priest hits you but does no damage.
The orc hits you but does no damage.
The orc warrior hits you with a +0 war axe.
* * * LOW HITPOINT WARNING * * *
The orc warlord is distracted by your dazzling golden aura.
The orc is distracted by your dazzling golden aura.
The orc warrior hits you with a +0 long sword.
* * * LOW HITPOINT WARNING * * *
The orc warrior misses you.
The orc warlord shouts!
You take 14 damage, and have 18/101 hp.
You bludgeon the orc warlord!
The orc warlord shudders as magic cascades through it.
The orc warlord twists and deforms.
The orc warlord is no longer distracted by gold.
The orc warlord is severely wounded.
You howl as the wereblood boils in your veins!
You constrict the orc warlord.
You feel sick. The warg bites you but does no damage.
The orc warlord roars a battlecry!
The orcs go into a battle-frenzy!
The orc priest hits you but does no damage.
The orc misses you.
The orc priest calls upon Beogh to heal the orc warlord.
The orc warlord is healed somewhat.
The orc warrior closely misses you.
The orc warrior hits you with a +0 long sword!!
You die...
Your body crumbles into a pile of gold.

#.......## $
........## ..
........ ...
#......
....#.oo..
#....ooo.####
...§§§ooo...#..
...§§§oBoo....$
...§§§hoo......
##.............
##..$.....##..
..........# #
.##........#
##.#......
...#...$..


You could see an orc warlord (misshapen), a warg, 3 orc warriors, 2 orc priests,
an orc wizard (strong) and 6 orcs.

Vanquished Creatures
  Gastronok (Lair:3)
  Kirke (D:12)
  A vault guard (D:11)
  Harold (Lair:1)
  2 hydras
  2 catoblepae
  Erica (Lair:1)
  A centaur warrior (D:11)
  2 boulder beetles
  3 two-headed ogres
  6 death yaks (Lair:5)
  An orc high priest (Orc:2)
  4 thrashing horrors (Lair:5)
  A fire crab (Lair:5)
  An orb spider (Lair:3)
  4 orc knights
  2 orc sorcerers (Orc:2)
  2 ugly things
  2 cyclopes
  A manticore (D:11)
  12 elephants (Lair:4)
  A smoke demon (Lair:5)
  2 gargoyles (D:12)
  3 black mambas
  Jeremiah (D:8)
  Psyche (D:8)
  14 cane toads
  6 rime drakes
  6 komodo dragons
  7 trolls
  4 polar bears
  26 blink frogs
  4 raiju (Lair:5)
  6 dream sheep (Lair:5)
  3 slime creatures (D:12)
  2 spriggans (Lair:5)
  A spriggan (shapeshifter) (Lair:5)
  3 wraiths
  A centaur simulacrum (D:12)
  34 yaks
  A vampire (D:11)
  3 wyverns
  4 ynoxinuls (Lair:5)
  6 basilisks
  Grum (Lair:1)
  A steam dragon (D:7)
  10 small abominations (Lair:5)
  5 hogs (D:12)
  6 vampire mosquitoes
  18 water moccasins
  16 orc warriors
  2 sky beasts (D:8)
  2 ice beasts
  4 black bears
  13 wolves
  2 ogres
  2 centaurs
  A phantom (D:6)
  A kobold brigand (D:6)
  7 bullfrogs
  2 gnoll sergeants (D:10)
  4 water moccasin zombies (Ossuary)
  3 wights (D:9)
  5 killer bees (D:10)
  A howler monkey (D:6)
  An electric eel (Lair:4)
  A hound (D:5)
  2 jellies
  11 orc priests
  A gnoll bouda (D:7)
  Ijyb (D:3)
  A sleepcap (D:6)
  3 iguanas
  12 orc wizards
  6 hell rats
  2 mummies (Ossuary)
  Robin (D:2)
  13 gnolls
  7 adders
  3 white imps
  An ufetubus (D:6)
  6 adder zombies (Ossuary)
  A dart slug (D:1)
  48 orcs
  6 bats
  4 endoplasms
  11 giant cockroaches
  5 gnoll zombies (Ossuary)
  11 hobgoblins
  4 jackals (D:5)
  10 kobolds
  3 quokkas (D:3)
  7 ball pythons
  4 frilled lizards
  18 goblins
  2 hobgoblin zombies (Ossuary)
  2 kobold zombies (Ossuary)
  5 orc zombies (Ossuary)
  7 rats (D:1)
516 creatures vanquished.

Vanquished Creatures (others)
  An orc wizard (Orc:2)
1 creature vanquished.

Grand Total: 517 creatures vanquished

Notes
Turn   | Place    | Note
-------+----------+-------------------------------------------
     0 | D:1      | Dirtsage the Octopode Shapeshifter began the quest for the
                  | Orb.
     0 | D:1      | Reached XP level 1. HP: 13/13 MP: 1/1
   136 | D:1      | Reached XP level 2. HP: 18/18 MP: 2/2
   236 | D:1      | Found Qakoptumn's Vocational Training.
   779 | D:2      | Reached XP level 3. HP: 13/23 MP: 3/3
   860 | D:2      | Found an opulent altar of Gozag.
   867 | D:2      | Became a worshipper of Gozag Ym Sagoz the Greedy
   945 | D:2      | Reached skill level 4 in Shapeshifting
   980 | D:2      | Learned a level 2 spell: Lesser Beckoning
   988 | D:2      | Noticed Robin
  1007 | D:2      | Reached XP level 4. HP: 28/28 MP: 4/4
  1042 | D:2      | Killed Robin
  1094 | D:2      | Identified the amulet of Jaaluas {RegenMP rN+}
  1407 | D:3      | Reached XP level 5. HP: 33/33 MP: 5/5
  1588 | D:3      | Noticed Ijyb
  1599 | D:3      | Killed Ijyb
  1965 | D:3      | Reached skill level 5 in Shapeshifting
  2135 | D:4      | Noticed a black bear
  2146 | D:4      | Killed a black bear
  2147 | D:4      | Reached XP level 6. HP: 38/38 MP: 6/6
  2168 | D:4      | Identified the +5 ring mail "Unuiteang" {rPois Str-3 Int+3}
  2194 | D:4      | Found a sand-covered staircase.
  2204 | Ossuary  | Entered an ossuary
  2292 | Ossuary  | Reached skill level 5 in Unarmed Combat
  2292 | Ossuary  | Reached skill level 6 in Shapeshifting
  2294 | Ossuary  | Reached XP level 7. HP: 37/43 MP: 7/7
  2428 | Ossuary  | Learned a level 2 spell: Wereblood
  2714 | D:4      | Identified the +5 rapier of Wu Jian, Hurling {spect, rPois}
  2786 | D:5      | Entered Level 5 of the Dungeon
  3292 | D:5      | Found Enac's Elemental Accessories.
  3304 | D:5      | Reached skill level 1 in Transmutations
  3570 | D:6      | Reached skill level 7 in Shapeshifting
  3570 | D:6      | Reached XP level 8. HP: 48/48 MP: 8/8
  3816 | D:6      | Found a bloodstained altar of Trog.
  4176 | D:6      | Reached skill level 8 in Shapeshifting
  4544 | D:7      | Found a staircase to the Ecumenical Temple.
  4546 | D:7      | Found a runed translucent gate.
  4546 | D:7      | Found a runed translucent gate.
  4565 | D:7      | Found a runed translucent gate.
  4567 | D:7      | Noticed Reshi88's ghost (novice SpHu)
  4568 | D:7      | Noticed a kobold demonologist
  4908 | D:7      | Reached skill level 1 in Translocations
  4908 | D:7      | Reached XP level 9. HP: 54/54 MP: 9/9
  5308 | Temple   | Entered the Ecumenical Temple
  5480 | D:8      | Noticed Jeremiah
  5492 | D:8      | Killed Jeremiah
  5533 | D:8      | Found a staircase to the Lair.
  5736 | D:8      | Noticed Psyche
  5745 | D:8      | Killed Psyche
  5746 | D:8      | Reached skill level 9 in Shapeshifting
  5829 | Lair:1   | Entered Level 1 of the Lair of Beasts
  5894 | Lair:1   | Noticed a komodo dragon
  5904 | Lair:1   | Killed a komodo dragon
  5948 | Lair:1   | Reached XP level 10. HP: 61/63 MP: 10/10
  6110 | Lair:1   | Noticed a cane toad
  6115 | Lair:1   | Bought the ring of Hard Scrabble {rPois rF+ Str+3} for 725
                  | gold pieces
  6148 | Lair:1   | Noticed a cane toad
  6149 | Lair:1   | Noticed Harold
  6177 | Lair:1   | Noticed Erica
  6180 | Lair:1   | Noticed a cane toad
  6236 | Lair:1   | Killed Harold
  6237 | Lair:1   | Reached skill level 10 in Shapeshifting
  6309 | Lair:1   | Killed Erica
  6313 | Lair:1   | Killed a cane toad
  6314 | Lair:1   | Reached skill level 5 in Fighting
  6553 | Lair:1   | Killed a cane toad
  6633 | Lair:1   | Learned a level 3 spell: Ozocubu's Armour
  6703 | Lair:1   | Noticed a catoblepas
  6719 | Lair:1   | Killed a catoblepas
  6720 | Lair:1   | Reached skill level 1 in Ice Magic
  6783 | Lair:1   | Killed a cane toad
  6784 | Lair:1   | Reached XP level 11. HP: 67/72 MP: 11/11
  7034 | Lair:1   | Reached skill level 11 in Shapeshifting
  7040 | Lair:1   | Noticed Grum
  7055 | Lair:1   | Killed Grum
  7590 | D:9      | Found a staircase to the Orcish Mines.
  8253 | D:9      | Found an ornate altar of the Wu Jian Council.
  8269 | D:9      | Found Voggyib's Weapon Shoppe.
  8754 | D:10     | Entered Level 10 of the Dungeon
  8778 | D:10     | Found Hutoss's Distillery.
  8786 | D:10     | Bought a potion of mutation for 88 gold pieces
  8786 | D:10     | Bought a potion of mutation for 88 gold pieces
  8786 | D:10     | Bought a potion of mutation for 88 gold pieces
  8786 | D:10     | Bought a potion of enlightenment for 55 gold pieces
  8786 | D:10     | Bought a potion of magic for 88 gold pieces
  8808 | D:10     | Found Rotwiw's Armour Emporium.
  8941 | D:10     | Found Zierchog's Assorted Antiques.
  9166 | D:10     | Found Buti's General Store.
  9175 | D:10     | Bought a scroll of teleportation for 39 gold pieces
  9175 | D:10     | Bought a scroll of identify for 26 gold pieces
  9175 | D:10     | Bought a scroll of identify for 26 gold pieces
  9345 | D:10     | Found Daempiro's Distillery.
  9348 | D:10     | Bought a potion of lignification for 36 gold pieces
  9621 | D:10     | Noticed a two-headed ogre
  9636 | D:10     | Killed a two-headed ogre
  9637 | D:10     | Reached skill level 5 in Dodging
 10222 | Lair:2   | Found an ornate altar of the Wu Jian Council.
 10325 | Lair:2   | Reached XP level 12. HP: 63/80 MP: 6/12
 10353 | Lair:2   | Reached skill level 12 in Shapeshifting
 10605 | Lair:2   | Found a staircase to the Shoals.
 10707 | Lair:2   | Noticed a catoblepas
 10729 | Lair:2   | Killed a catoblepas
 11220 | Lair:3   | Noticed Gastronok
 11225 | Lair:3   | Noticed a seven-headed hydra
 11458 | Lair:3   | Reached skill level 5 in Ice Magic
 11518 | Lair:3   | Killed Gastronok
 11519 | Lair:3   | Reached skill level 10 in Unarmed Combat
 11815 | Lair:3   | Killed a seven-headed hydra
 12065 | Lair:3   | Reached skill level 13 in Shapeshifting
 12286 | Lair:3   | Found a hole to the Spider Nest.
 12512 | Lair:4   | Reached XP level 13. HP: 72/88 MP: 13/13
 13790 | Lair:4   | Found a staircase to the Slime Pits.
 13791 | Lair:4   | Found a viscous altar of Jiyva.
 14276 | Lair:4   | Found a runed translucent gate.
 14280 | Lair:4   | Found a runed translucent gate.
 14280 | Lair:4   | Noticed Mappomat's ghost (journeyman FeSh)
 14281 | Lair:4   | Found a runed translucent gate.
 14576 | Lair:5   | Entered Level 5 of the Lair of Beasts
 14617 | Lair:5   | Found a stormy altar of Qazlal.
 14628 | Lair:5   | Reached skill level 14 in Shapeshifting
 14704 | Lair:5   | Reached skill level 1 in Spellcasting
 15526 | Lair:5   | Learned a level 5 spell: Freezing Cloud
 15834 | Lair:5   | Reached skill level 1 in Conjurations
 15834 | Lair:5   | Reached skill level 1 in Air Magic
 15847 | Lair:5   | Reached XP level 14. HP: 54/97 MP: 14/18
 17514 | Lair:5   | Found a corrupted altar of Lugonu.
 17514 | Lair:5   | Found a one-way gate to the infinite horrors of the Abyss.
 18056 | D:5      | Bought the Codex of the Cwm for 352 gold pieces
 18063 | D:5      | Learned a level 6 spell: Leda's Unmaking
 18552 | D:11     | Reached skill level 1 in Earth Magic
 19362 | D:11     | Identified the +5 whip "Zem Waosm" {venom, Str+4 Stlth+}
 19397 | D:11     | Found a portal to a secret trove of treasure.
 19411 | D:11     | You paid a toll of 4 scrolls of blinking to enter a
                  | treasure trove
 19412 | Trove    | Entered a treasure trove
 19481 | Trove    | Identified the amulet of Free Expression {Reflect Dex+3
                  | SH+5}
 19483 | Trove    | Identified the amulet of Laca {rN++ Will+ Regen+}
 19487 | Trove    | Identified the amulet "Hidghiy" {Spirit Dex+3}
 20064 | D:12     | Reached skill level 5 in Spellcasting
 20355 | D:12     | Noticed Kirke
 20362 | D:12     | Reached skill level 5 in Air Magic
 20363 | D:12     | Reached skill level 5 in Conjurations
 20367 | D:12     | Killed Kirke
 21049 | Orc:1    | Entered Level 1 of the Orcish Mines
 21186 | Orc:2    | Entered Level 2 of the Orcish Mines
 21187 | Orc:2    | Found a staircase to the Elven Halls.
 21360 | Orc:1    | HP: 1/97 [orc warrior/+1 heavy war axe (11)]
 21615 | Orc:2    | Reached XP level 15. HP: 84/101 MP: 23/23
 21900 | Orc:2    | Found Hopas's Antique Armour Shoppe.
 21908 | Orc:2    | Bought a shiny buckler for 225 gold pieces
 22124 | Orc:1    | Noticed an orc warlord
 22130 | Orc:2    | HP: 1/101 [orc warrior/+0 battleaxe[an orc warlord] (17)]
 22215 | Orc:1    | Slain by an orc warrior

Illustrated notes

Levels and vault maps discovered:
D:1:      spicycebolla_green_bress_n_ham, layout_loops_ring,
          nicolae_shop_vocational
D:2:      minmay_roachtagon, layout_rooms, basic_altar, glass_columns_a,
          kennysheep_generic_room_4, uniq_robin
D:3:      cheibrodos_greedy_goblins, layout_basic, uniq_ijyb
D:4:      layout_rooms, nicolae_ossuary_entry_ruins
D:5:      layout_cave_pods, nicolae_elemental_shop, dreamdust_wishing_well,
          minmay_hedge_maze
D:6:      layout_gridville, lemuel_doored_altar
D:7:      layout_layer_cave, minmay_temple_entry_trees,
          gammafunk_ghost_nasty_kobolds
D:8:      layout_cave_pools, lair_entry_dummy, uniq_jeremiah, uniq_psyche
D:9:      layout_stronghold, mainiacjoe_overflow_six_doors_small, orc_0_dummy,
          serial_shops, nicolae_shop_bloodbath_and_beyond
D:10:     layout_irregular_city, serial_shops, shop,
          nicolae_shop_overgrown_old_shop, shop, shop, shop
D:11:     layout_grid_maze, enter_trove_5
D:12:     layout_roguey, minivault_19, uniq_kirke
Temple:   nicolae_temple_slightly_damp_pantheon
Lair:1:   layout_regular_city, grunt_megastairs_1, uniq_erica, uniq_grum,
          uniq_harold
Lair:2:   layout_long_grid, elwin_shoals_entry_rocks, basic_altar,
          forest_entry_grove
Lair:3:   layout_regular_city, nicolae_spider_entry_orb_guardian,
          infiniplex_staircase_pool, uniq_gastronok
Lair:4:   layout_gridlike, slime_entry_1, gammafunk_ghost_hydra_chop,
          nzn_sisyphean_effort, grunt_megastairs_2
Lair:5:   hellmonk_lair_end_abyssal_woods, layout_cave_pods, basic_altar,
          grunt_megastairs_3
Orc:1:    layout_caves
Orc:2:    grunt_orc_tribal_feast, layout_caves, basic_altar, serial_shops,
          nicolae_diamond_shop

Skill      XL: |  1  2  3  4  5  6  7  8  9 10 11 12 13 14 15 |
---------------+----------------------------------------------+-----
Shapeshifting  | 4 5 6 7 8 9 10 11 13 14 | 14.3
Unarmed Combat | 4 5 6 7 8 9 10 11 | 11.0
Transmutations | 1 3 4 |  4.0
Translocations | 1 3 4 |  4.3
Fighting       | 3 5 6 8 9 |  9.0
Dodging        | 3 5 6 8 |  8.4
Ice Magic      | 1 3 5 6 |  6.6
Spellcasting   | 2 5 6 |  6.2
Conjurations   | 1 5 6 |  6.1
Air Magic      | 1 5 |  5.4
Earth Magic    | 4 |  4.4

Action                     |  1- 3 |  4- 6 |  7- 9 | 10-12 | 13-15 || total
---------------------------+-------+-------+-------+-------+-------++-------
  Melee: Unarmed           |    61 |   110 |   244 |   493 |   703 ||  1611
         Constrict         |    16 |    39 |    58 |    85 |   102 ||   300
         Punch             |     2 |     6 |     4 |     2 |       ||    14
         Tentacles         |     7 |    33 |    63 |   140 |   246 ||   489
   Cast: Wereblood         |       |       |     2 |    12 |    13 ||    27
         Ozocubu's Armour  |       |       |       |    15 |    25 ||    40
         Lesser Beckoning  |       |       |       |     1 |     4 ||     5
         Freezing Cloud    |       |       |       |       |    49 ||    49
 Invoke: Call Merchant     |       |       |       |     1 |       ||     1
         Potion Petition   |       |       |       |       |     1 ||     1
  Evoke: Wand              |       |     1 |     4 |     2 |       ||     7
    Use: Scroll            |       |       |     9 |    10 |     8 ||    27
         Potion            |       |       |       |     5 |     4 ||     9
   Stab: Sleeping          |     8 |     7 |     7 |       |       ||    22
         Paralysed         |       |     3 |     3 |       |       ||     6
         Distracted        |       |       |       |     2 |     3 ||     5
 Armour: Skin              |     8 |    14 |    50 |   135 |   183 ||   390
  Dodge: Dodged            |    28 |    38 |    91 |   267 |   433 ||   857
  Block: Other             |       |     3 |    33 |    96 |    73 ||   205
         Reflection        |       |       |       |       |     1 ||     1
   Form: Flux              |       |       |     1 |       |       ||     1

Table legend: (Time is in decaauts)
 A = Elapsed time spent in this place.
 B = Non-inter-level travel time spent in this place.
 C = Inter-level travel time spent in this place.
 D = Time resting spent in this place.
 E = Time spent auto-exploring this place.
 F = Levels seen in this place.
 G = Mean time per level.
                   A        B        C        D        E       F      G
               +--------+--------+--------+--------+--------+-----+--------+
         Total |  22077 |  20892 |   1185 |   2446 |  14934 |  22 | 1003.5 |
       Dungeon |  11045 |  10238 |    807 |    591 |   8142 |  12 |  920.4 |
        Temple |      1 |      1 |      0 |      0 |      0 |   1 |    1.0 |
          Lair |   9477 |   9146 |    331 |   1479 |   6072 |   5 | 1895.4 |
  Orcish Mines |   1194 |   1148 |     46 |    376 |    531 |   2 |  597.0 |
         Trove |    130 |    130 |      0 |      0 |     66 |   1 |  130.0 |
       Ossuary |    227 |    227 |      0 |      0 |    123 |   1 |  227.0 |
               +--------+--------+--------+--------+--------+-----+--------+

Top non-repeatable levels by time:
  Lair:5: 3228 daAuts
  Lair:4: 2077 daAuts
    D:11: 1764 daAuts
  Lair:1: 1690 daAuts
     D:9: 1330 daAuts
  Lair:2: 1315 daAuts
    D:10: 1183 daAuts
  Lair:3: 1165 daAuts
     D:6: 1034 daAuts
    D:12: 988 daAuts
     D:5: 822 daAuts
     D:7: 804 daAuts
     D:1: 765 daAuts
   Orc:2: 729 daAuts
     D:3: 697 daAuts
